 Dungeon Crawl Stone Soup version 0.23-a0-677-g07611c5 (webtiles) character file.

490 Blackhawk the Skirmisher (level 6, 0/49 HPs)
             Began as a Demonspawn Fighter on Jan 9, 2019.
             Slain by Grinder (8 damage)
             ... on level 4 of the Dungeon.
             The game lasted 00:05:10 (3466 turns).

Blackhawk the Skirmisher (Demonspawn Fighter)       Turns: 3466, Time: 00:05:11

Health: 0/49       AC: 11    Str: 18    XL:     6   Next: 90%
Magic:  6/6        EV:  5    Int:  9    God:
Gold:   197        SH:  9    Dex: 13    Spells: 5/5 levels left

rFire    . . .     SeeInvis .   b - +4 dagger
rCold    . . .     Gourm    .   c - +0 shield
rNeg     . . .     Faith    .   q - +0 chain mail
rPois    .         Spirit   .   (helmet restricted)
rElec    .         Reflect  .   (no cloak)
rCorr    .         Harm     .   g - +0 pair of gloves
MR       .....                  w - +0 pair of boots
Stlth    ..........             (no amulet)
HPRegen  0.16/turn              (no ring)
MPRegen  0.10/turn              (no ring)

@: no status effects
A: antennae 1, claws 1, hooves 1, rot immunity
a: no special abilities


You were on level 4 of the Dungeon.
You were very hungry.

You visited 1 branch of the dungeon, and saw 4 of its levels.

You collected 197 gold pieces.

Inventory:

Hand Weapons
 a - a +0 war axe
 b - a +4 dagger (weapon)
Missiles
 r - 2 throwing nets (quivered)
Armour
 c - a +0 shield (worn)
 g - a +0 pair of gloves (worn)
 h - a +0 scale mail
 q - a +0 chain mail (worn)
 w - a +0 pair of boots (worn)
Scrolls
 n - 3 scrolls of identify
 p - a scroll of enchant armour {unknown}
 t - 2 scrolls of remove curse {unknown}
 u - 2 scrolls of teleportation {unknown}
Potions
 d - a potion of might
 e - a potion of magic {unknown}
 j - 3 potions of flight {unknown}
 k - a potion of heal wounds {unknown}
 m - 2 potions of brilliance {unknown}
 o - a potion of berserk rage {unknown}
 s - 2 potions of curing {unknown}
 v - a potion of cancellation {unknown}
 x - a potion of mutation {unknown}
 z - a potion of agility {unknown}
 A - a potion of ambrosia {unknown}
Comestibles
 f - 5 rations


   Skills:
 + Level 4.6 Fighting
 + Level 3.6 Axes
 + Level 4.2 Armour
 + Level 4.3 Shields


You had 5 spell levels left.
You didn't know any spells.
Your spell library was empty.

Dungeon Overview and Level Annotations

Branches:
Dungeon (4/15)
 Temple: D:4-7

Altars:

Annotations:
D:4 Grinder


Innate Abilities, Weirdness & Mutations

You have a pair of small antennae on your head.
You have sharp fingernails.
You have large cloven feet.
You are immune to rotting.


Message History

Grinder gestures at you.
You barely resist. Grinder hits you.
* * * LOW HITPOINT WARNING * * *
Grinder hits you but does no damage.
Grinder blinks!
Grinder blinks!
You can move again.
You block Grinder's attack.
You hit Grinder.
Grinder is severely wounded.
Grinder hits you but does no damage.
You hit Grinder.
Grinder is severely wounded.
Grinder barely misses you. Grinder hits you but does no damage.
You are feeling very hungry.
You puncture Grinder!
Grinder is almost dead.
Grinder hits you!
You die...

#........# ###....#
#........##......=g
#........##.##.....
#........## #.....
####........# #.....
#<..........+ #....#
####........# #.####
#........+ .. #.@5...$.#
## #........#
#######.### ........#
#######.# ........#
.............#
#.......###.####........
#.......### #.#######


You could see Grinder.

Vanquished Creatures
  Sigmund (D:3)
  A scorpion (D:4)
  A howler monkey (D:4)
  A hound (D:3)
  An orc priest (D:3)
  An iguana (D:4)
  4 adders
  4 worms
  3 dart slugs
  A leopard gecko (D:2)
  6 orcs (D:3)
  8 giant cockroaches
  14 goblins
  9 hobgoblins
  15 jackals
  2 quokkas (D:2)
  9 bats
  6 frilled lizards
  7 kobolds
  9 rats
103 creatures vanquished.

Notes
Turn   | Place    | Note
-------+----------+-------------------------------------------
     0 | D:1      | Blackhawk the Demonspawn Fighter began the quest for the
                  | Orb.
     0 | D:1      | Reached XP level 1. HP: 18/18 MP: 1/1
   153 | D:1      | Gained mutation: You have sharp fingernails. [demonic
                  | ancestry]
   153 | D:1      | Reached XP level 2. HP: 15/24 MP: 2/2
   424 | D:1      | Reached XP level 3. HP: 29/29 MP: 3/3
  1388 | D:2      | Gained mutation: You are immune to rotting. [demonic
                  | ancestry]
  1388 | D:2      | Reached XP level 4. HP: 35/35 MP: 4/4
  2047 | D:3      | Noticed Sigmund
  2082 | D:3      | Killed Sigmund
  2082 | D:3      | Gained mutation: You have a pair of small antennae on your
                  | head. [demonic ancestry]
  2082 | D:3      | Reached XP level 5. HP: 9/42 MP: 5/5
  2082 | D:3      | Gained mutation: You have large cloven feet. [demonic
                  | ancestry]
  2082 | D:3      | Reached XP level 6. HP: 10/48 MP: 6/6
  3208 | D:4      | Identified the +4 robe of Ashenzari's Fury {Str+4}
  3329 | D:4      | Noticed Grinder
  3455 | D:4      | Paralysed by Grinder for 7 turns
  3466 | D:4      | Slain by Grinder

Vault maps used:
D:1:      lightli_arrival_isolated_outpost
D:2:      minivault_27, minmay_mini_jars
D:3:      first_ration, uniq_sigmund
D:4:      uniq_edmund, uniq_ijyb, uniq_grinder

Skill      XL: |  1  2  3  4  5  6 |
---------------+-------------------+-----
Axes           | 2 3 |  3.6
Shields        | 3 4 |  4.3
Armour         | 3 4 |  4.2
Fighting       | 4 |  4.6

Action                   |  1- 3 |  4- 6 || total
-------------------------+-------+-------++-------
Melee: War axe           |   113 |       ||   113
       Dagger            |    40 |   269 ||   309
       Kick              |       |    10 ||    10
  Use: Scroll            |       |     2 ||     2
  Eat: Chunk             |     2 |     6 ||     8
Armor: Scale mail        |    67 |       ||    67
       Chain mail        |    27 |   138 ||   165
Dodge: Dodged            |    51 |    31 ||    82
Block: Shield            |   101 |   116 ||   217

Table legend:
 A = Non-vault XP
 B = Vault XP
 C = Vault XP percentage of total XP
 D = Non-vault monster count
 E = Vault monster count
 F = Vault count percentage of total count
                 A         B        C        D         E       F
            +---------+---------+-------+---------+---------+-------
      Total |     461 |     239 |  34.1 |      92 |      11 |  10.7
            +---------+---------+-------+---------+---------+-------
        D:1 |      53 |       0 |   0.0 |      30 |       0 |   0.0
        D:2 |      60 |      19 |  24.1 |      26 |      10 |  27.8
        D:3 |     178 |     220 |  55.3 |      31 |       1 |   3.1
        D:4 |     170 |       0 |   0.0 |       5 |       0 |   0.0
            +---------+---------+-------+---------+---------+-------
